 Dungeon Crawl Stone Soup version 0.31-a0-237-g2d982f9f85 (webtiles) character file.

Game seed: 4990654945808558012

55 qw the Shooter (level 3, 0/29 HPs)
             Began as a Minotaur Hexslinger on July 10, 2023.
             Slain by Sigmund
             ... wielding a +0 scythe
              (7 damage)
             ... on level 3 of the Dungeon.
             The game lasted 00:00:32 (1593 turns).

qw the Shooter (Minotaur Hexslinger)                Turns: 1593, Time: 00:00:33

Health: 0/29       AC:  6    Str: 12    XL:     3   Next: 67%
Magic:  3/3        EV: 11    Int: 10    God:
Gold:   113        SH:  0    Dex: 14    Spells: 3/4 levels left

rFire   . . .        Y - +2 sling
rCold   . . .        (no shield)
rNeg    . . .        b - +0 ring mail
rPois   .            (helmet restricted)
rElec   .            e - +0 cloak
rCorr   .            (no gloves)
SInv    .            (no boots)
Will    .....        (no amulet)
Stlth   +            (no ring)
HPRegen 0.24/turn    (no ring)
MPRegen 0.08/turn

%: no passive effects
@: no status effects
A: horns 2, retaliatory headbutt
a: no special abilities


You were on level 3 of the Dungeon.
You visited 1 branch of the dungeon, and saw 3 of its levels.

You collected 113 gold pieces.


Innate Abilities, Weirdness & Mutations

You have a pair of horns on your head.
You reflexively headbutt those who attack you in melee.


   Skills:
 - Level 2.0 Fighting
 + Level 4.0 Ranged Weapons
 - Level 1.0 Armour
 - Level 2.1 Dodging
 - Level 1.0 Spellcasting
 - Level 2.0 Hexes


You had 3 spell levels left.
You knew the following spells:

 Your Spells              Type           Power      Damage    Failure   Level
a - Slow                  Hex            16%        N/A       34%         1

Your spell library contained the following spells:

 Spells                   Type           Power      Damage    Failure   Level
 Inner Flame              Hex/Fire       2%         N/A       83%         3
 Portal Projectile        Hex/Tloc       4%         N/A       83%         3
 Cause Fear               Hex            2%         N/A       98%         4

Inventory:

Hand Weapons
 Y - a +2 sling (weapon)
Armour
 b - a +0 ring mail (worn)
 e - a +0 cloak (worn)
Jewellery
 h - a ring of fire
Potions
 d - 4 potions of curing
 f - a potion of degeneration {unknown}
 g - a potion of mutation {unknown}

Dungeon Overview and Level Annotations

Branches:
Dungeon (3/15)

Altars:
Ashenzari

Annotations:
D:3 Sigmund


Message History

A giant cockroach comes into view.
The giant cockroach moves out of view.
Items here: % )) [[.
You shoot a sling bullet.
The sling bullet hits the giant cockroach.
You kill the giant cockroach!
Your Armour skill increases to level 1!
Sigmund the Dreaded comes into view.
He is wielding a +0 scythe.
Sigmund shouts!
You shoot a sling bullet. The sling bullet hits Sigmund.
Sigmund is lightly wounded.
Sigmund says, "Your kind have come here before.
I understand now why.
You desire death..."
You shoot a sling bullet. The sling bullet barely misses Sigmund.
You shoot a sling bullet. The sling bullet barely misses Sigmund.
Sigmund casts a spell.
Sigmund flickers and vanishes!
Deactivating autopickup; reactivate with Ctrl-A.
You shoot a sling bullet. Something hits you!
You shoot a sling bullet. Something hits you!
You shoot a sling bullet. Something hits you but does no damage.
You shoot a sling bullet. You shoot a sling bullet. Something hits you.
You shoot a sling bullet. Something hits you.
You shoot a sling bullet. Something hits you.
You shoot a sling bullet. Something hits you but does no damage.
You shoot a sling bullet.
You hear some strange, mumbled words.
Something tries to affect you, but you resist.
You shoot a sling bullet. Something hits you.
You shoot a sling bullet. Something hits you!
You die...

##############
#..#.........#
#....#####...#
#....#########
#..%......# ######
.
#.#######.###......
...###.###
#.#@.{....#
#.......###
#.#.#.....#
...###.))..###...#
##..# .
#####....%..### .
#<............
######.......#
...............
#######.......#
#........


There were no monsters in sight!

Vanquished Creatures
  An adder (D:2)
  A worm (D:2)
  A dart slug (D:2)
  3 orcs (D:3)
  4 ball pythons
  An endoplasm (D:2)
  4 giant cockroaches
  A goblin (D:1)
  A hobgoblin (D:1)
  2 jackals (D:1)
  7 kobolds
  2 quokkas (D:2)
  2 bats
  4 frilled lizards
  A rat (D:2)
35 creatures vanquished.

Notes
Turn   | Place    | Note
-------+----------+-------------------------------------------
     0 | D:1      | qw the Minotaur Hexslinger began the quest for the Orb.
     0 | D:1      | Reached XP level 1. HP: 16/16 MP: 1/1
     0 | D:1      | 0 ||| qw: Version: 0.3-a-52-g30416fa
     0 | D:1      | 0 ||| qw: Game counter: 4989
     0 | D:1      | 0 ||| qw: Melee chars always use a shield: true
     0 | D:1      | 0 ||| qw: God list: Okawaru
     0 | D:1      | 0 ||| qw: Allow faded altars: false
     0 | D:1      | 0 ||| qw: Do Orc after clearing Dungeon:15 true
     0 | D:1      | 0 ||| qw: Do second Lair branch before Depths: true
     0 | D:1      | 0 ||| qw: Lair rune preference: random
     0 | D:1      | 0 ||| qw: Goals: Normal
     0 | D:1      | 0 ||| PLANNING D:1-11
   220 | D:1      | Reached skill level 3 in Ranged Weapons
   220 | D:1      | Reached XP level 2. HP: 23/23 MP: 2/2
   727 | D:1      | 727 ||| READING scroll labelled LOEJOPLE ROUNY.
   728 | D:1      | 728 ||| READING scroll labelled TORAXU ZYARPH.
   729 | D:1      | 729 ||| READING scroll labelled IBAPRY ONATOSS.
   730 | D:1      | 730 ||| DRINKING 4 black potions.
   731 | D:1      | 731 ||| DROPPING scroll of poison.
   844 | D:2      | Found a broken altar of Ashenzari.
  1047 | D:2      | Identified the +1 spear of Defence by Offence {spect, rN+
                  | Str-4 Dex+2}
  1189 | D:2      | Reached XP level 3. HP: 27/29 MP: 3/3
  1307 | D:2      | Reached skill level 4 in Ranged Weapons
  1456 | D:2      | 1456 ||| UPGRADING to +0 ring mail.
  1466 | D:2      | 1466 ||| DROPPING +0 robe.
  1467 | D:2      | 1467 ||| UPGRADING to +0 cloak.
  1472 | D:2      | 1472 ||| READING scroll labelled TUV WOFFUNI.
  1553 | D:3      | Reached skill level 1 in Armour
  1578 | D:3      | Noticed Sigmund
  1589 | D:3      | HP: 7/29 [something (3)]
  1593 | D:3      | Slain by Sigmund

Levels and vault maps discovered:
D:1:      dpeg_arrival_yet_another_circle, layout_basic, st_stairs_8
D:2:      layout_basic, basic_altar, kennysheep_generic_room_2
D:3:      layout_basic, shapermc_ecumenical_altar_petra,
          kennysheep_jessica_study, uniq_sigmund, uniq_jessica

Skill      XL: |  1  2  3 |
---------------+----------+-----
Ranged Weapons | 3 4 |  4.0
Fighting       | 2 |  2.0
Armour         | 1 |  1.0
Dodging        | |  2.1
Spellcasting   | |  1.0
Hexes          | |  2.0

Action                     || total
---------------------------++-------
   Fire: Sling             ||   132
    Use: Scroll            ||     4
         Potion            ||     1
 Armour: Robe              ||    14
         Ring mail         ||     3
  Dodge: Dodged            ||    26

Table legend:
 A = Non-vault XP
 B = Vault XP
 C = Vault XP percentage of total XP
 D = Non-vault monster count
 E = Vault monster count
 F = Vault count percentage of total count
                 A         B        C        D         E       F
            +---------+---------+-------+---------+---------+-------
      Total |      61 |      18 |  22.8 |      31 |       4 |  11.4
            +---------+---------+-------+---------+---------+-------
        D:1 |      18 |       3 |  14.3 |      12 |       2 |  14.3
        D:2 |      31 |      15 |  32.6 |      14 |       2 |  12.5
        D:3 |      12 |       0 |   0.0 |       5 |       0 |   0.0
            +---------+---------+-------+---------+---------+-------
